Map: Ley Lines

Players

wootwoot - Winner!

  • Race: Terran Terran
  • League: Diamond
  • Spawn Location: 1:00

Probefessor

  • Race: Protoss Protoss
  • League: Diamond
  • Spawn Location: 7:00

VOD

Have the link to the VOD?

Description

Time

  • Played on: April 22, 2025, 4:10 a.m.
  • Length: 3:08
Show
View Real Time Build Order
Export as new Build Order

wootwoot Terran - Winner!

Build Orders:  

Get SALT Encoding   

  12  0:00  SCV  
  13  0:12  SCV  
  14  0:18  Supply Depot  
  14  0:24  SCV  
  16  0:43  Barracks  
  15  0:51  Barracks  
  15  1:04  Barracks  
  15  1:08  SCV  
  16  1:30  Marine  
  16  1:32  Barracks  
  17  1:37  Marine  
  17  1:39  Supply Depot  
  18  1:47  Marine  
  18  1:50  Marine  
  20  1:55  Marine  
  21  2:01  Supply Depot  
  21  2:05  Marine  
  22  2:08  Marine  
  22  2:13  Marine  
  24  2:19  Marine  
  25  2:23  Marine  
  25  2:26  Marine  
  27  2:31  Marine  
  27  2:37  Marine  
  27  2:41  Marine  
  29  2:44  Marine  
Show
View Real Time Build Order
Export as new Build Order

Probefessor Protoss 

Build Orders:  

Get SALT Encoding   

  12  0:00  Probe  
  13  0:12  Probe  
  14  0:17  Pylon  
  14  0:24  Probe  
  15  0:32  Probe  
  15  0:40  Gateway, Probe  
  16  0:47  Assimilator  
  17  0:51  Probe  
  18  1:03  Probe  
  19  1:13  Gateway  
  19  1:27  Cybernetics Core  
  19  1:33  Probe, Pylon  
  20  1:40  Assimilator  
  20  1:42  Zealot  
  20  1:45  Probe  
  23  1:57  Probe  
  24  2:09  Probe  
  24  2:13  Adept  
  25  2:21  Probe  
  25  2:22  Adept  
  29  2:33  Probe  
  28  2:40  Pylon  
  28  2:42  Shield Battery  
Tags
 
Matchup
PvT
Replay Pack
#1B2M-Replays
Spawn Locations
Cross Positions
Add a new tag
Caveats
  • Supply blocks, unpowered buildings, or Contaminate may cause inaccurate times.
  • Supply counts are checked every 10 seconds.